 Dungeon Crawl Stone Soup version 0.27-a0-887-gcab673c142 (webtiles) character file.

Game seed: 2503347365389978217

1813 spiderkeys the Insei (level 9, -5/60 HPs)
             Began as an Octopode Transmuter on Apr 5, 2021.
             Was an Initiate of Gozag.
             Slain by a five-headed hydra (12 damage)
             ... on level 5 of the Dungeon.
             The game lasted 00:11:30 (8292 turns).

spiderkeys the Insei (Octopode Transmuter)          Turns: 8292, Time: 00:11:31

Health: -5/60      AC:  1    Str: 10    XL:     9   Next: 10%
Magic:  14/14      EV: 15    Int: 15    God:    Gozag
Gold:   551        SH:  5    Dex: 15    Spells: 8/15 levels left

rFire    . . .     SeeInvis .   e - +4 dagger (drain)
rCold    . . .     Faith    .   (no shield)
rNeg     . . .     Spirit   .   (helmet restricted)
rPois    .         Reflect  +   g - amulet of reflection
rElec    .         Harm     .   (no ring)
rCorr    .         Rampage  .   (no ring)
Will     .....                  (no ring)
Stlth    ++........             (no ring)
HPRegen  0.20/turn              (no ring)
MPRegen  0.14/turn              (no ring)
                                (no ring)
                                (no ring)

@: no status effects
A: almost no armour, amphibious, 8 rings, camouflage 1, gelatinous body 1,
(nimble swimmer 1), tentacles
a: Renounce Religion, Potion Petition, Call Merchant, Bribe Branch


You were on level 5 of the Dungeon.
You worshipped Gozag.
Gozag was pleased with you.
You visited 2 branches of the dungeon, and saw 7 of its levels.

You collected 590 gold pieces.
You paid 39 gold pieces to Gozag.

Inventory:

Hand Weapons
 e - a +4 dagger of draining (weapon)
Missiles
 f - a throwing net
Armour
 l - a +0 buckler
Jewellery
 g - an amulet of reflection (around mantle)
Scrolls
 k - 2 scrolls of magic mapping
 p - a scroll of silence {unknown}
Potions
 b - a potion of attraction {unknown}
 c - a potion of flight
 d - a potion of cancellation
 h - 2 potions of berserk rage
 i - a potion of magic {unknown}
 j - a potion of lignification {unknown}
 o - a potion of degeneration {unknown}


   Skills:
 + Level 4.8 Fighting
 + Level 5.2 Dodging
 + Level 3.1 Shields
 + Level 5.6 Unarmed Combat
 - Level 3.7 Spellcasting
 + Level 5.2 Transmutations
 + Level 3.6 Poison Magic


You had 8 spell levels left.
You knew the following spells:

 Your Spells              Type           Power      Damage    Failure   Level
a - Beastly Appendage     Tmut           36%        N/A       2%          1
b - Spider Form           Tmut/Pois      8%         N/A       9%          3
c - Mephitic Cloud        Conj/Pois/Air  6%         N/A       34%         3

Your spell library contained the following spells:

 Spells                   Type           Power      Damage    Failure   Level
 Wereblood                Tmut           18%        N/A       3%          2
 Corpse Rot               Necr/Air       N/A        N/A       28%         2
 Stone Arrow              Conj/Erth      4%         3d7       50%         3
 Hydra Form               Tmut           9%         N/A       52%         5
 Ice Form                 Ice/Tmut       10%        N/A       54%         4
 Fulminant Prism          Conj/Hex       1%         3d6       88%         4
 Hailstorm                Conj/Ice       2%         3d3       88%         4
 Bolt of Magma            Conj/Fire/Erth 1%         4d4       99%         5
 Fireball                 Conj/Fire      1%         3d3       99%         5
 Iron Shot                Conj/Erth      1%         9d1       100%        6


Dungeon Overview and Level Annotations

Branches:
Dungeon (6/15)             Temple (1/1) D:4

Altars:
Ashenzari
Cheibriados
Dithmenos
Elyvilon
Fedhas
Gozag
Hepliaklqana
Kikubaaqudgha
Makhleb
Nemelex Xobeh
Okawaru
Qazlal
Ru
Sif Muna
Trog
Uskayaw
Vehumet
Wu Jian
Xom
Yredelemnul
The Shining One

Annotations:
D:4 Edmund
D:6 2 transporters, Eustachio; sizableburger's ghost, amateur FeFE


Innate Abilities, Weirdness & Mutations

You cannot wear most types of armour.
You are amphibious.
You can wear up to eight rings at the same time.
Your skin changes colour to match your surroundings (Stealth+).
Your rubbery body absorbs attacks. (AC +1, EV +1)
((You are camouflaged near water. (Stealth+)))
You have tentacles for arms and can constrict up to eight enemies at once.


Message History

* * * LOW HITPOINT WARNING * * *
As you read the scroll of fear, it crumbles to dust.
You assume a fearsome visage.
The necrophage is unaffected.
The orc priest looks frightened!
The orc looks frightened! x2
The orc priest looks frightened!
The bullfrog looks frightened!
The orc looks frightened! x3; The centaur skeleton is unaffected.
The orc is no longer distracted by gold.
A necrophage comes into view.
The orc priest becomes distracted by the nearby gold, dreaming of imaginary riches.
The necrophage is no longer distracted by gold.
The orc is no longer distracted by gold.
The orc pleads, "Please don't kill me!"
A centaur comes into view.
Your transformation has ended.
Your +4 dagger of draining unmelds from your body.
You sense an unholy aura.
Okay, then.
You feel much better.
As you read the scroll of fear, it crumbles to dust.
You assume a fearsome visage.
The centaur looks frightened!
The centaur becomes distracted by the nearby gold, dreaming of imaginary riches.
The sentinel's mark upon you fades away.
Eustachio the Magnificent comes into view.
He is wielding a +0 rapier.
The necrophage becomes distracted by your gold, dreaming of imaginary riches.
The centaur skeleton barely misses you. The centaur skeleton kicks you.
The centaur skeleton closely misses you.
The centaur skeleton kicks you but does no damage.
The centaur skeleton hits you.
The centaur skeleton kicks you but does no damage.
There is a stone staircase leading up here.
You block the centaur skeleton's attack.
The centaur skeleton kicks you.
You climb upwards.
You block the five-headed hydra's attack.
The five-headed hydra misses you. The five-headed hydra bites you.
The five-headed hydra bites you!
* * * LOW HITPOINT WARNING * * *
The five-headed hydra bites you!
You die...
Your body crumbles into a pile of gold.

.♣♣......♣.♣...8..P♣...♣.♣P♣♣♣♣♣♣
P♣....♣.♣.....♣..♣♣♣..♣.P.♣P♣ ♣
.♣...♣♣....♣.P..♣..♣..♣.♣.♣♣♣ ♣
♣♣...♣♣♣♣.♣♣♣.♣♣.♣P♣§.♣♣♣P♣♣♣♣ ♣
♣..♣.♣....♣.♣....♣♣♣♣§♣♣♣♣.♣[♣ #
.P.♣♣♣♣.P....♣♣♣P..♣.♣≈♣..♣♣.♣♣ #
...♣♣.......♣.♣##♣..♣♣.§♣..§..###
####..........####.....§§........
................@#.....§....#####
.###.........###.D###§§.##.## #
.###.........# ##.....####.# #
..##.........#####...####..######
#.............#.....## #.≈≈≈≈≈≈≈≈
####............###..###.≈#≈≈≈≈≈#
##.######............>≈#≈###≈#
#.###....###......)..≈#≈≈≈≈≈#
#.##..#### #......<).≈≈≈≈≈≈≈≈


You could see a five-headed hydra.

Vanquished Creatures
  Prince Ribbit (D:6)
  Sigmund (D:3)
  Menkaure (D:4)
  An ice beast (D:6)
  A black bear (D:5)
  An ogre (D:4)
  A centaur (D:6)
  A gnoll sergeant (D:6)
  A water moccasin zombie (D:6)
  2 howler monkeys
  5 hounds
  An orc priest (D:3)
  A bullfrog skeleton (D:6)
  A gnoll shaman (D:4)
  3 jellies
  3 iguanas (D:5)
  4 orc wizards
  9 gnolls
  3 adders
  4 river rats (D:5)
  A shadow imp (D:6)
  3 ufetubi
  An adder skeleton (D:5)
  A worm (D:2)
  4 dart slugs
  14 orcs
  A bat (D:3)
  9 endoplasms
  3 giant cockroaches
  6 hobgoblins
  7 jackals
  8 kobolds
  2 quokkas (D:1)
  8 ball pythons
  3 frilled lizards
  7 goblins
  3 rats
126 creatures vanquished.

Vanquished Creatures (others)
  56 plants (D:5)
56 creatures vanquished.

Grand Total: 182 creatures vanquished

Notes
Turn   | Place    | Note
-------+----------+-------------------------------------------
     0 | D:1      | spiderkeys the Octopode Transmuter began the quest for the
                  | Orb.
     0 | D:1      | Reached XP level 1. HP: 13/13 MP: 3/3
   293 | D:1      | Reached XP level 2. HP: 18/18 MP: 3/5
   628 | D:1      | Found a faded altar of an unknown god.
   749 | D:1      | Reached XP level 3. HP: 19/23 MP: 4/6
  2244 | D:2      | Reached XP level 4. HP: 17/29 MP: 7/7
  2658 | D:3      | Noticed Sigmund
  2899 | D:3      | Killed Sigmund
  2900 | D:3      | Reached XP level 5. HP: 5/35 MP: 7/9
  3181 | D:3      | Reached XP level 6. HP: 20/41 MP: 8/10
  3505 | D:3      | Learned a level 3 spell: Spider Form
  4113 | D:4      | Noticed Menkaure
  4127 | D:4      | Killed Menkaure
  4128 | D:4      | Reached XP level 7. HP: 22/46 MP: 9/12
  4506 | D:4      | Found a staircase to the Ecumenical Temple.
  4521 | Temple   | Entered the Ecumenical Temple
  4818 | Temple   | Became a worshipper of Gozag Ym Sagoz the Greedy
  4884 | D:4      | Noticed Edmund
  4920 | D:4      | Identified the +1 pair of boots of the Journeyman {Regen+
                  | Int-5 SInv}
  5791 | D:5      | Entered Level 5 of the Dungeon
  6102 | D:5      | Identified a scroll of acquirement
  6102 | D:5      | Acquired the Reference Book on Battle Magic
  6108 | D:5      | Learned a level 3 spell: Mephitic Cloud
  6235 | D:5      | Reached skill level 1 in Shields
  6235 | D:5      | Reached skill level 1 in Poison Magic
  6417 | D:5      | Reached XP level 8. HP: 50/54 MP: 11/13
  6590 | D:5      | Reached skill level 5 in Unarmed Combat
  6821 | D:5      | Found a shadowy altar of Dithmenos.
  6826 | D:5      | Identified the Tome of Dark Confrontation
  7064 | D:6      | Noticed sizableburger's ghost (amateur FeFE)
  7067 | D:6      | Found a transporter.
  7078 | D:6      | Found a transporter.
  7777 | D:6      | Noticed a five-headed hydra
  7841 | D:6      | Noticed Prince Ribbit
  7850 | D:6      | Killed Prince Ribbit
  7851 | D:6      | Reached skill level 5 in Dodging
  7851 | D:6      | Reached skill level 5 in Transmutations
  7997 | D:6      | Reached XP level 9. HP: 23/59 MP: 14/14
  8281 | D:6      | Noticed Eustachio
  8292 | D:5      | Slain by a five-headed hydra

Illustrated notes

Levels and vault maps discovered:
D:1:      moated_graveyard_arrival, layout_loops_ring,
          shapermc_ecumenical_altar_flowoftime
D:2:      layout_basic, hangedman_decor_lopped
D:3:      layout_rooms, eino_curves_04, uniq_sigmund
D:4:      layout_basic, minmay_temple_entry_tees, serial_co_window_serial,
          co_window_cross_1, co_window_of_opportunity_a,
          co_window_of_opportunity_a, co_window_paths_a,
          co_window_of_opportunity_a, co_window_unsneaky_path_c,
          co_window_of_opportunity_c, co_window_corner_ca, co_window_cross_3,
          co_window_of_opportunity_c, co_window_corner_b, co_window_4corner_a,
          glass_columns_b, glass_columns_b, glass_columns_a, uniq_menkaure,
          uniq_edmund
D:5:      wad_woods_stonehenge, layout_rooms, minmay_crystal_water
D:6:      layout_basic, gammafunk_ghost_arena, st_stairs_6, grunt_ministairs_10,
          uniq_prince_ribbit1, uniq_eustachio
Temple:   regret_index_temple_sigil_plot

Skill      XL: |  1  2  3  4  5  6  7  8  9 |
---------------+----------------------------+-----
Fighting       | 2 3 4 |  4.8
Dodging        | 3 4 5 |  5.2
Spellcasting   | 3 |  3.7
Transmutations | 3 4 5 |  5.2
Unarmed Combat | 4 5 |  5.6
Shields        | 1 2 3 |  3.1
Poison Magic   | 1 3 |  3.6

Action                   |  1- 3 |  4- 6 |  7- 9 || total
-------------------------+-------+-------+-------++-------
Melee: Unarmed           |    25 |    15 |    75 ||   115
       Constrict         |    24 |    12 |    32 ||    68
       Kick              |    11 |     7 |    26 ||    44
       Tentacles         |    11 |     5 |    20 ||    36
       Dagger            |    47 |    44 |   111 ||   202
       Punch             |     1 |       |     5 ||     6
 Cast: Beastly Appendage |    18 |     9 |    20 ||    47
       Spider Form       |       |     2 |    11 ||    13
  Use: Scroll            |     4 |     3 |     9 ||    16
       Potion            |       |       |     2 ||     2
 Stab: Sleeping          |     5 |     3 |     2 ||    10
       Distracted        |       |       |     2 ||     2
Armor: Skin              |     3 |     2 |    11 ||    16
Dodge: Dodged            |    43 |    30 |   169 ||   242
Block: Other             |       |     4 |    46 ||    50

Table legend: (Time is in decaauts)
 A = Elapsed time spent in this place.
 B = Non-inter-level travel time spent in this place.
 C = Inter-level travel time spent in this place.
 D = Time resting spent in this place.
 E = Time spent auto-exploring this place.
 F = Levels seen in this place.
 G = Mean time per level.
                   A        B        C        D        E       F      G
               +--------+--------+--------+--------+--------+-----+--------+
         Total |   8286 |   8104 |    182 |    700 |   6315 |   7 | 1183.7 |
       Dungeon |   7978 |   7807 |    171 |    700 |   6043 |   6 | 1329.7 |
        Temple |    308 |    297 |     11 |      0 |    272 |   1 |  308.0 |
               +--------+--------+--------+--------+--------+-----+--------+

Top non-repeatable levels by time:
     D:2: 1964 daAuts
     D:4: 1928 daAuts
     D:6: 1235 daAuts
     D:1: 1167 daAuts
     D:5: 1026 daAuts
     D:3: 656 daAuts
  Temple: 308 daAuts
